SA
CHICAGO TULA @ CONNETQUOT CHIEFS
07/30/2021
 
TOP OF THE 1ST
Chicago Tula batting - Pitching for Connetquot Chiefs : RHP Tommy Middleton
Pitching: RHP Tommy Middleton
Batting: RHB Néstor Berino 0-0: Called Strike
0-1: Called Strike
0-2: Foul Ball, location: 2F
0-2: Ball
1-2: SINGLE (Groundball, 56D)
Batting: SHB Vince Barrowcliff 0-0: Reached on error, E4 (Groundball, 34)
Néstor Berino to second
Batting: RHB Jorge Rodríguez 0-0: Foul Ball, location: 2F
0-1: Foul Ball, location: 2F
0-2: Foul Ball, location: 2F
0-2: Ball
1-2: Strikes out swinging
Batting: RHB Brett Callison 0-0: Ball
1-0: Called Strike
1-1: Grounds into double play, 1-6-3 (Groundball, 15)
Top of the 1st over - 0 run(s), 1 hit(s), 1 error(s), 1 left on base; Chicago 0 - Connetquot 0
BOTTOM OF THE 1ST
Connetquot Chiefs batting - Pitching for Chicago Tula : RHP Tomás Gonzáles
Pitching: RHP Tomás Gonzáles
Batting: SHB Rúbem Corvo 0-0: Ground out 4-3 (Groundball, 4)
Batting: RHB Edwin Ramey 0-0: Ball
1-0: Ball
2-0: Foul Ball, location: 2F
2-1: Called Strike
2-2: Strikes out looking
Batting: RHB António Domínguez 0-0: Foul Ball, location: 2F
0-1: Foul Ball, location: 2F
0-2: Ball
1-2: Foul Ball, location: 2F
1-2: Ball
2-2: Foul Ball, location: 2F
2-2: Ground out 2-3 (Groundball, 2R)
Bottom of the 1st over - 0 run(s), 0 hit(s), 0 error(s), 0 left on base; Chicago 0 - Connetquot 0
TOP OF THE 2ND
Chicago Tula batting - Pitching for Connetquot Chiefs : RHP Tommy Middleton
Batting: LHB Arturo Ballina 0-0: Ball
1-0: Ground out 3-1 (Groundball, 34S)
Batting: RHB Bryan Sanders 0-0: Called Strike
0-1: Foul Ball, location: 2F
0-2: Foul Ball, location: 2F
0-2: Ball
1-2: Strikes out swinging
Batting: RHB Man-u Yi 0-0: Called Strike
0-1: Ball
1-1: DOUBLE (Flyball, 9LM)
Batting: RHB Ju-chan Pak 0-0: Called Strike
0-1: Foul Ball, location: 2F
0-2: DOUBLE (Line Drive, 3L)
Man-u Yi scores
Batting: LHB Roberto Sánchez 0-0: Ball
1-0: Ball
2-0: Called Strike
2-1: Fly out, F7 (Flyball, 78S)
Top of the 2nd over - 1 run(s), 2 hit(s), 0 error(s), 1 left on base; Chicago 1 - Connetquot 0
BOTTOM OF THE 2ND
Connetquot Chiefs batting - Pitching for Chicago Tula : RHP Tomás Gonzáles
Batting: RHB Fred Burt 0-0: Called Strike
0-1: Foul Ball, location: 2F
0-2: Foul Ball, location: 2F
0-2: Strikes out looking
Batting: RHB Miguel Rodríguez 0-0: Fly out, F9 (Line Drive, 89M)
Batting: RHB Juan Salinas 0-0: Foul Ball, location: 2F
0-1: SINGLE (Groundball, 5D)
Batting: RHB Tim Taylor 0-0: Ball
1-0: Called Strike
1-1: Called Strike
Throwing error on steal attempt, E2
Juan Salinas to third
1-2: Strikes out swinging
Bottom of the 2nd over - 0 run(s), 1 hit(s), 1 error(s), 1 left on base; Chicago 1 - Connetquot 0
TOP OF THE 3RD
Chicago Tula batting - Pitching for Connetquot Chiefs : RHP Tommy Middleton
Batting: RHB Néstor Berino 0-0: Called Strike
0-1: Called Strike
0-2: Foul Ball, location: 2F
0-2: Ball
1-2: Ball
2-2: Strikes out looking
Batting: SHB Vince Barrowcliff 0-0: Ball
1-0: Ball
2-0: SINGLE (Line Drive, 4MD)
Batting: RHB Jorge Rodríguez 0-0: Fly out, F4 (Popup, 3DF)
Batting: RHB Brett Callison 0-0: Foul Ball, location: 2F
0-1: Ground out 6-3 (Groundball, 6)
Top of the 3rd over - 0 run(s), 1 hit(s), 0 error(s), 1 left on base; Chicago 1 - Connetquot 0
BOTTOM OF THE 3RD
Connetquot Chiefs batting - Pitching for Chicago Tula : RHP Tomás Gonzáles
Batting: RHB Arturo Morales 0-0: Ball
1-0: SINGLE (Line Drive, 8LS)
Batting: RHB Lúcio Marín 0-0: Foul Ball, location: 2F
0-1: Ball
1-1: Ball
2-1: Called Strike
2-2: Strikes out swinging
Batting: SHB Rúbem Corvo 0-0: Ball
1-0: Ball
2-0: Ball
3-0: Called Strike
3-1: Foul Ball, location: 2F
3-2: Foul Ball, location: 2F
3-2: Grounds into double play, 6-4-3 (Groundball, 6)
Bottom of the 3rd over - 0 run(s), 1 hit(s), 0 error(s), 0 left on base; Chicago 1 - Connetquot 0
TOP OF THE 4TH
Chicago Tula batting - Pitching for Connetquot Chiefs : RHP Tommy Middleton
Batting: LHB Arturo Ballina 0-0: Called Strike
0-1: Called Strike
0-2: Strikes out looking
Batting: RHB Bryan Sanders 0-0: Ball
1-0: Called Strike
1-1: Swinging Strike
1-2: Ball
2-2: Ball
3-2: Strikes out looking
Batting: RHB Man-u Yi 0-0: Ball
1-0: Ball
2-0: Foul Ball, location: 2F
2-1: Foul Ball, location: 2F
2-2: Strikes out swinging
Top of the 4th over - 0 run(s), 0 hit(s), 0 error(s), 0 left on base; Chicago 1 - Connetquot 0
BOTTOM OF THE 4TH
Connetquot Chiefs batting - Pitching for Chicago Tula : RHP Tomás Gonzáles
Batting: RHB Edwin Ramey 0-0: Ball
1-0: Foul Ball, location: 2F
1-1: Ball
2-1: Ball
3-1: Base on Balls
Batting: RHB António Domínguez 0-0: Ball
1-0: Swinging Strike
1-1: Fielders Choice at 2nd, 5-4 (Groundball, 5L)
Batting: RHB Fred Burt 0-0: Called Strike
0-1: Foul Ball, location: 2F
0-2: Foul Ball, location: 2F
0-2: Ball
1-2: Fly out, F3 (Popup, 23F)
Batting: RHB Miguel Rodríguez 0-0: Called Strike
0-1: Foul Ball, location: 2F
0-2: Ball
1-2: Foul Ball, location: 2F
1-2: Strikes out swinging
Bottom of the 4th over - 0 run(s), 0 hit(s), 0 error(s), 1 left on base; Chicago 1 - Connetquot 0
TOP OF THE 5TH
Chicago Tula batting - Pitching for Connetquot Chiefs : RHP Tommy Middleton
Batting: RHB Ju-chan Pak 0-0: Called Strike
0-1: Swinging Strike
0-2: Foul Ball, location: 2F
0-2: Strikes out swinging
Batting: LHB Roberto Sánchez 0-0: Ground out 6-3 (Groundball, 6)
Batting: RHB Néstor Berino 0-0: Fly out, F9 (Line Drive, 9S)
Top of the 5th over - 0 run(s), 0 hit(s), 0 error(s), 0 left on base; Chicago 1 - Connetquot 0
BOTTOM OF THE 5TH
Connetquot Chiefs batting - Pitching for Chicago Tula : RHP Tomás Gonzáles
Batting: RHB Juan Salinas 0-0: Ball
1-0: Foul Ball, location: 2F
1-1: Ball
2-1: Swinging Strike
2-2: Foul Ball, location: 2F
2-2: Strikes out looking
Batting: RHB Tim Taylor 0-0: Called Strike
0-1: Swinging Strike
0-2: Foul Ball, location: 2F
0-2: Strikes out looking
Batting: RHB Arturo Morales 0-0: Called Strike
0-1: Swinging Strike
0-2: DOUBLE (Line Drive, 7LM)
Batting: RHB Lúcio Marín 0-0: Ball
1-0: Called Strike
1-1: Called Strike
1-2: Ball
2-2: Foul Ball, location: 2F
2-2: Ball
3-2: Ground out 4-3 (Groundball, 4)
Bottom of the 5th over - 0 run(s), 1 hit(s), 0 error(s), 1 left on base; Chicago 1 - Connetquot 0
TOP OF THE 6TH
Chicago Tula batting - Pitching for Connetquot Chiefs : RHP Tommy Middleton
Batting: SHB Vince Barrowcliff 0-0: Ball
1-0: Swinging Strike
1-1: Foul Ball, location: 2F
1-2: Strikes out looking
Batting: RHB Jorge Rodríguez 0-0: Called Strike
0-1: Ball
1-1: Swinging Strike
1-2: Strikes out swinging
Batting: RHB Brett Callison 0-0: Called Strike
0-1: Ball
1-1: Called Strike
1-2: Foul Ball, location: 2F
1-2: Foul Ball, location: 2F
1-2: Strikes out swinging
Top of the 6th over - 0 run(s), 0 hit(s), 0 error(s), 0 left on base; Chicago 1 - Connetquot 0
BOTTOM OF THE 6TH
Connetquot Chiefs batting - Pitching for Chicago Tula : RHP Tomás Gonzáles
Batting: SHB Rúbem Corvo 0-0: Ball
1-0: Fly out, F4 (Line Drive, 4)
Batting: RHB Edwin Ramey 0-0: Called Strike
Reached via error on a dropped throw, E3
Batting: RHB António Domínguez 0-0: Ball
1-0: DOUBLE (Flyball, 7LM)
Edwin Ramey to third
Batting: RHB Fred Burt 0-0: Called Strike
0-1: Foul Ball, location: 2F
0-2: Ball
1-2: Ball
2-2: Ground out 5-3 (Groundball, 56)
Batting: RHB Miguel Rodríguez 0-0: Swinging Strike
0-1: Swinging Strike
0-2: Foul Ball, location: 2F
0-2: Strikes out swinging
Bottom of the 6th over - 0 run(s), 1 hit(s), 1 error(s), 2 left on base; Chicago 1 - Connetquot 0
TOP OF THE 7TH
Chicago Tula batting - Pitching for Connetquot Chiefs : RHP Tommy Middleton
Batting: LHB Arturo Ballina 0-0: Called Strike
0-1: Foul Ball, location: 2F
0-2: Strikes out looking
Batting: RHB Bryan Sanders 0-0: Called Strike
0-1: Ball
1-1: Foul Ball, location: 2F
1-2: Ground out 6-3 (Groundball, 6)
Batting: RHB Man-u Yi 0-0: Ball
1-0: Ball
2-0: Ball
3-0: Called Strike
3-1: Called Strike
3-2: Ground out 6-3 (Groundball, 6)
Top of the 7th over - 0 run(s), 0 hit(s), 0 error(s), 0 left on base; Chicago 1 - Connetquot 0
BOTTOM OF THE 7TH
Connetquot Chiefs batting - Pitching for Chicago Tula : RHP Tomás Gonzáles
Batting: RHB Juan Salinas 0-0: Ball
1-0: Called Strike
1-1: Ball
2-1: Ball
3-1: Ground out 6-3 (Groundball, 6M)
Batting: RHB Tim Taylor 0-0: Swinging Strike
0-1: Ground out 5-3 (Groundball, 56S)
Batting: RHB Arturo Morales 0-0: Reached on error, E2 (Groundball, 2L)
Pinch Hitting: RHB Jim Unknown 0-0: Called Strike
0-1: Foul Ball, location: 2F
0-2: SINGLE (Flyball, 8LS)
Arturo Morales to third
Batting: SHB Rúbem Corvo 0-0: Called Strike
Jim Unknown is caught stealing 2nd base
Bottom of the 7th over - 0 run(s), 1 hit(s), 1 error(s), 0 left on base; Chicago 1 - Connetquot 0
TOP OF THE 8TH
Chicago Tula batting - Pitching for Connetquot Chiefs : RHP Tommy Middleton
Now at 3B: Jim Unknown
Batting: RHB Ju-chan Pak 0-0: Called Strike
0-1: DOUBLE (Line Drive, 78M)
Pinch Hitting: LHB Jim Unknown 0-0: Intentional Walk
Batting: RHB Néstor Berino 0-0: Foul Ball, location: 2F
0-1: Bunt missed!
0-2: Ball
1-2: Ball
2-2: Strikes out swinging
Batting: SHB Vince Barrowcliff 0-0: Called Strike
0-1: Foul Ball, location: 2F
0-2: Strikes out swinging
Batting: RHB Jorge Rodríguez 0-0: Ball
1-0: Called Strike
1-1: Swinging Strike
1-2: Strikes out swinging
Top of the 8th over - 0 run(s), 1 hit(s), 0 error(s), 2 left on base; Chicago 1 - Connetquot 0
BOTTOM OF THE 8TH
Connetquot Chiefs batting - Pitching for Chicago Tula : RHP Tomás Gonzáles
Now at 1B: Francisco Valentín
Batting: SHB Rúbem Corvo 0-0: Ground out 4-3 (Groundball, 4)
Batting: RHB Edwin Ramey 0-0: Ball
1-0: Foul Ball, location: 2F
1-1: Ball
2-1: Called Strike
2-2: SINGLE (Line Drive, 56)
Pinch Hitting: LHB Jim Unknown 0-0: Called Strike
0-1: Ball
1-1: Ball
2-1: Foul Ball, location: 2F
2-2: Ball
3-2: Strikes out swinging
Pitching: RHP Brian Collingwood
Pinch Hitting: SHB Antonio Vaccarini 0-0: Ball
1-0: Fly out, F7 (Flyball, 7LS)
Bottom of the 8th over - 0 run(s), 1 hit(s), 0 error(s), 1 left on base; Chicago 1 - Connetquot 0
TOP OF THE 9TH
Chicago Tula batting - Pitching for Connetquot Chiefs : RHP Tommy Middleton
Now at 1B: Jim Unknown
Now in CF: Michael Smith
Batting: RHB Brett Callison 0-0: Ball
1-0: Foul Ball, location: 2F
1-1: Called Strike
1-2: SINGLE (Groundball, 5D)
Pitching: RHP Jim Unknown
Batting: LHB Arturo Ballina 0-0: Ball
1-0: Swinging Strike
1-1: Ball
2-1: Foul Ball, location: 2F
2-2: Foul Ball, location: 2F
2-2: Ball
3-2: Strikes out swinging
Pitching: RHP Juan Sánchez
Pinch Hitting: LHB Kichisaburo Otani 0-0: Fielders Choice at 2nd, 4-6 (Groundball, 34)
Pinch Hitting: RHB Tony Cantú 0-0: Ball
1-0: Called Strike
1-1: 2-RUN HOME RUN (Line Drive, 7D), Distance : 411 ft
Batting: RHB Ju-chan Pak 0-0: Called Strike
0-1: Ground out 6-3 (Groundball, 6)
Top of the 9th over - 2 run(s), 2 hit(s), 0 error(s), 0 left on base; Chicago 3 - Connetquot 0
BOTTOM OF THE 9TH
Connetquot Chiefs batting - Pitching for Chicago Tula : RHP Brian Collingwood
Pitching: LHP Héctor Rodríguez
Now at 1B: Tony Cantú
Now at SS: Kichisaburo Otani
Batting: RHB Miguel Rodríguez 0-0: Fly out, F9 (Flyball, 89S)
Batting: RHB Juan Salinas 0-0: Called Strike
0-1: Foul Ball, location: 2F
0-2: Ball
1-2: Fly out, F4 (Popup, 6MD)
Batting: RHB Tim Taylor 0-0: Called Strike
0-1: Swinging Strike
0-2: Ball
1-2: Strikes out looking
Bottom of the 9th over - 0 run(s), 0 hit(s), 0 error(s), 0 left on base; Chicago 3 - Connetquot 0
This league is powered by Out of the Park Baseball, the baseball management simulation game for PC, Mac and Linux
Friday, January 22nd, 2016 - OOTP Baseball 16.9 Build 39